 Dungeon Sprint DCSS version 0.27-a0-67-g4bfc8a49e1 (webtiles) character file.

Game seed: 14564097062760716884

2114 mhtbhm the Eclecticist (level 9, -1/40 HPs)
             Began as a Deep Elf Earth Elementalist on Jan 9, 2021.
             Was a Priest of Vehumet.
             Shot with an arrow by a centaur warrior (13 damage)
             ... in the Dungeon (Sprint III: "The Ten Rune Challenge").
             The game lasted 00:03:14 (1112 turns).

mhtbhm the Eclecticist (DEEE)                       Turns: 1112, Time: 00:03:15

Health: -1/40      AC:  3    Str:  5    XL:     9   Next: 8%
Magic:  8/31       EV: 14    Int: 24    God:    Vehumet [***...]
Gold:   24         SH:  0    Dex: 15    Spells: 22/40 levels left

rFire    . . .     SeeInvis .   s - +4 scimitar (flame)
rCold    . . .     Faith    .   (no shield)
rNeg     . . .     Spirit   .   c - +0 robe
rPois    .         Reflect  .   a - +0 helmet
rElec    .         Harm     .   (no cloak)
rCorr    .         Rampage  .   (no gloves)
Will     .....     NoTele   +   (no boots)
Stlth    ++........             (no amulet)
HPRegen  0.13/turn              (no ring)
MPRegen  0.22/turn              (no ring)

@: no status effects
A: frail 1, screaming 1
a: Renounce Religion


You were in the Dungeon.
You worshipped Vehumet.
Vehumet was most pleased with you.
You visited 1 branch You collected 24 gold pieces.

Inventory:

Hand Weapons
 s - a +4 scimitar of flaming (weapon)
Missiles
 b - 27 stones
Armour
 a - a +0 helmet (worn)
 c - a +0 robe (worn)
Scrolls
 i - a scroll of blinking
 k - a scroll of holy word {unknown}
 l - 3 scrolls of identify
 m - a scroll of amnesia {unknown}
 p - a scroll of torment {unknown}
 q - 2 scrolls of remove curse
Potions
 d - 2 potions of curing
 f - a potion of haste
 g - 2 potions of magic
 h - 2 potions of berserk rage
 j - a potion of might
 n - a potion of lignification {unknown}
 o - 2 potions of flight {unknown}
 r - a potion of degeneration {unknown}


   Skills:
 + Level 4.3 Dodging
 - Level 2.6 Stealth
 + Level 16.4 Spellcasting
 + Level 1.5 Conjurations
 + Level 1.6 Transmutations
 + Level 15.9 Earth Magic


You had 22 spell levels left.
You knew the following spells:

 Your Spells              Type           Power        Failure   Level
a - Sandblast             Erth           100%         0%          1
b - Passwall              Tmut/Erth      48%          1%          2
c - Stone Arrow           Conj/Erth      100%         1%          3
d - Lee's Rapid Deconstr  Erth           38%          1%          5
e - Petrify               Tmut/Erth      58%          1%          4
f - Mephitic Cloud        Conj/Pois/Air  22%          1%          3

Your spell library contained the following spells:

 Spells                   Type           Power        Failure   Level
 Static Discharge         Conj/Air       23%          1%          3
 Magic Dart               Conj           100%         1%          1
 Conjure Flame            Conj/Fire      23%          1%          3
 Blink                    Tloc           N/A          4%          2
 Call Imp                 Summ           19%          4%          2
 Slow                     Hex            19%          4%          2


Dungeon Overview and Level Annotations

Branches:
Dungeon (1/1)

Altars:
Cheibriados
Dithmenos
Elyvilon
Fedhas
Gozag
Hepliaklqana
Kikubaaqudgha
Makhleb
Nemelex Xobeh
Okawaru
Qazlal
Ru
Sif Muna
Trog
Uskayaw
Vehumet
Wu Jian
Xom
Yredelemnul
Zin
The Shining One
Beogh
Jiyva
Lugonu


Innate Abilities, Weirdness & Mutations

You are frail. (-10% HP)
You occasionally shout uncontrollably at your foes.


Message History

Confirm with . or Enter, or press ? or * to list all spells.
Aiming: Lee's Rapid Deconstruction (safe; 1% risk of failure)
Press: ? - help, Dir - move target A rock wall.
The wall shatters!
The blast of rock fragments hits the centaur warrior!!
The centaur warrior is heavily wounded.
The centaur warrior shoots an arrow.
The arrow hits you!!
* * * LOW HITPOINT WARNING * * *
Unknown command.
Casting: Lee's Rapid Deconstruction (safe; 1% risk of failure)
Confirm with . or Enter, or press ? or * to list all spells.
Aiming: Lee's Rapid Deconstruction (safe; 1% risk of failure)
Press: ? - help, Dir - move target A rock wall.
The wall shatters!
The blast of rock fragments hits the centaur warrior.
The centaur warrior is heavily wounded.
The centaur warrior shoots an arrow.
The arrow hits you!
You die...

#___#__# #__.#._#
#†###)## .......#
.......# ######'#
#__#...#+#############
#__#...#.§≈≈≈'.#.'c..+
#__#...#§#§≈§#.#@#
#__#...'.#..§#.#.#
#__'...#.#§§.#...#
▓▓▓▓▓▓▓▓▓▓▓▓▓▓▓▓▓▓


You could see a centaur warrior.

Vanquished Creatures
  Erica (D)
  A deep elf mage (D)
  A shadow (D)
  A spatial vortex (D)
  2 centaurs (D)
  A necrophage (D)
  An earth elemental (D)
  A water elemental (D)
  A wizard (D)
  A jelly (D)
  Jessica (D)
  A necromancer (D)
  3 humans (D)
  A kobold demonologist (D)
  2 oozes (D)
  A phantom (D)
  A rat (D)
21 creatures vanquished.

Vanquished Creatures (others)
  A hydra (D)
  4 plants (D)
5 creatures vanquished.

Grand Total: 26 creatures vanquished

Notes
Turn   | Place    | Note
-------+----------+-------------------------------------------
     0 | D        | mhtbhm the Deep Elf Earth Elementalist began the quest for
                  | the Orb.
     0 | D        | Reached XP level 1. HP: 10/10 MP: 6/6
    12 | D        | Reached skill level 5 in Earth Magic
    12 | D        | Reached XP level 2. HP: 15/15 MP: 4/8
   134 | D        | Noticed Jessica
   144 | D        | Killed Jessica
   145 | D        | Reached skill level 4 in Spellcasting
   145 | D        | Reached XP level 3. HP: 19/19 MP: 4/11
   243 | D        | Learned a level 2 spell: Passwall
   247 | D        | Learned a level 3 spell: Stone Arrow
   270 | D        | Gained mutation: Your muscles are strong. (Str +2) [potion
                  | of mutation]
   270 | D        | Gained mutation: You tend to lose your temper in combat.
                  | [potion of mutation]
   270 | D        | Gained mutation: You are partially covered in iridescent
                  | scales. (AC +2) [potion of mutation]
   270 | D        | Gained mutation: You are partially covered in slimy green
                  | scales. (AC +2) [potion of mutation]
   279 | D        | Lost mutation: You tend to lose your temper in combat.
                  | [potion of mutation]
   279 | D        | Lost mutation: Your muscles are strong. (Str +2) [potion of
                  | mutation]
   279 | D        | Lost mutation: You are partially covered in slimy green
                  | scales. (AC +2) [potion of mutation]
   279 | D        | Lost mutation: You are partially covered in iridescent
                  | scales. (AC +2) [potion of mutation]
   279 | D        | Gained mutation: You are frail. (-10% HP) [potion of
                  | mutation]
   279 | D        | Gained mutation: You are very frail. (-20% HP) [potion of
                  | mutation]
   279 | D        | Gained mutation: You occasionally shout uncontrollably at
                  | your foes. [potion of mutation]
   279 | D        | Lost mutation: You are very frail. (-20% HP) [potion of
                  | mutation]
   299 | D        | Killed a seven-headed hydra
   320 | D        | Reached skill level 5 in Spellcasting
   381 | D        | Noticed a water elemental
   385 | D        | Killed a water elemental
   386 | D        | Reached skill level 7 in Spellcasting
   386 | D        | Reached XP level 4. HP: 9/21 MP: 8/15
   555 | D        | Found a radiant altar of Vehumet.
   555 | D        | Found a shimmering blue altar of Sif Muna.
   555 | D        | Found an ancient bone altar of Kikubaaqudgha.
   555 | D        | Noticed a wizard
   556 | D        | Killed a wizard
   557 | D        | Reached XP level 5. HP: 25/25 MP: 15/17
   558 | D        | Reached skill level 8 in Spellcasting
   561 | D        | Became a worshipper of Vehumet
   582 | D        | Learned a level 5 spell: Lee's Rapid Deconstruction
   587 | D        | Learned a level 4 spell: Petrify
   591 | D        | Learned a level 3 spell: Mephitic Cloud
   598 | D        | Found a glowing silver altar of Zin.
   598 | D        | Found a glowing golden altar of the Shining One.
   598 | D        | Found a white marble altar of Elyvilon.
   598 | D        | Noticed a deep elf mage
   601 | D        | Killed a deep elf mage
   602 | D        | Reached skill level 12 in Spellcasting
   602 | D        | Reached skill level 1 in Conjurations
   602 | D        | Reached XP level 6. HP: 28/28 MP: 2/23
   602 | D        | Reached XP level 7. HP: 32/32 MP: 2/25
   728 | D        | Found a basalt altar of Yredelemnul.
   728 | D        | Found a shadowy altar of Dithmenos.
   728 | D        | Found a sacrificial altar of Ru.
   730 | D        | Reached * piety under Vehumet
   730 | D        | Offered knowledge of Shock by Vehumet.
   731 | D        | Reached skill level 13 in Spellcasting
   789 | D        | Found a hide-covered altar of Uskayaw.
   789 | D        | Found a roughly hewn altar of Beogh.
   789 | D        | Found an iron altar of Okawaru.
   789 | D        | Found a bloodstained altar of Trog.
   789 | D        | Found an ornate altar of the Wu Jian Council.
   789 | D        | Noticed a human
   789 | D        | Noticed a human
   791 | D        | Killed a human
   791 | D        | Killed a human
   792 | D        | Reached skill level 14 in Spellcasting
   847 | D        | Reached ** piety under Vehumet
   847 | D        | Noticed a shadow
   849 | D        | Killed a shadow
   850 | D        | Reached XP level 8. HP: 36/36 MP: 17/28
   900 | D        | Found a blossoming altar of Fedhas.
   900 | D        | Found a stormy altar of Qazlal.
   900 | D        | Found a snail-covered altar of Cheibriados.
   900 | D        | Found a burning altar of Makhleb.
   900 | D        | Found a shimmering altar of Xom.
   901 | D        | Found a hazy altar of Hepliaklqana.
   901 | D        | Found an opulent altar of Gozag.
   901 | D        | Found a sparkling altar of Nemelex Xobeh.
   901 | D        | Found a corrupted altar of Lugonu.
   901 | D        | Found a viscous altar of Jiyva.
   904 | D        | Offered knowledge of Freeze by Vehumet.
   905 | D        | Reached skill level 15 in Spellcasting
   976 | D        | Noticed Erica
   982 | D        | Killed Erica
   983 | D        | Reached skill level 16 in Spellcasting
   983 | D        | Reached skill level 15 in Earth Magic
  1048 | D        | Reached *** piety under Vehumet
  1106 | D        | Offered knowledge of Static Discharge by Vehumet.
  1107 | D        | Reached XP level 9. HP: 40/40 MP: 21/31
  1109 | D        | Noticed a centaur warrior
  1112 | D        | Shot with an arrow by a centaur warrior

Illustrated notes

Levels and vault maps discovered:
D:        dungeon_sprint_mu [sprint_mu_entry_cave, sprint_mu_temple_rooms,
          sprint_mu_d1_horrors, sprint_mu_d2_genie, sprint_mu_d3_branching,
          sprint_mu_orc_legion, sprint_mu_elf_gauntlet, sprint_mu_hive_nellie,
          sprint_mu_lair_fedhas, sprint_mu_vaults_butterflies,
          sprint_mu_slime_circle, sprint_mu_swamp_cave, sprint_mu_shoals_kraken,
          sprint_mu_blade_basic, sprint_mu_crypt_fortress,
          sprint_mu_tomb_spiral, sprint_mu_vestibule_basic,
          sprint_mu_gehenna_hellfire, sprint_mu_dis_giant,
          sprint_mu_tartarus_statrot, sprint_mu_cocytus_islands, sprint_mu_zot1]

Skill      XL: |  1  2  3  4  5  6  7  8 |
---------------+-------------------------+-----
Earth Magic    | 5 6 8 9 12 14 15 | 15.9
Dodging        | 3 4 |  4.3
Spellcasting   | 4 7 12 14 16 | 16.4
Conjurations   | 1 |  1.5
Stealth        | |  2.6
Transmutations | |  1.6

Action                   |  1- 3 |  4- 6 |  7- 9 || total
-------------------------+-------+-------+-------++-------
 Cast: Sandblast         |    16 |     2 |     1 ||    19
       Stone Arrow       |     1 |       |       ||     1
       Passwall          |     1 |       |       ||     1
       Lee's Rapid Decon |       |     3 |    17 ||    20
       Mephitic Cloud    |       |       |     1 ||     1
  Use: Potion            |     2 |       |     1 ||     3
Dodge: Dodged            |     1 |       |     1 ||     2

Table legend: (Time is in decaauts)
 A = Elapsed time spent in this place.
 B = Non-inter-level travel time spent in this place.
 C = Inter-level travel time spent in this place.
 D = Time resting spent in this place.
 E = Time spent auto-exploring this place.
 F = Levels seen in this place.
 G = Mean time per level.
                   A        B        C        D        E       F      G
               +--------+--------+--------+--------+--------+-----+--------+
         Total |   1113 |   1113 |      0 |    845 |      6 |   1 | 1113.0 |
       Dungeon |   1113 |   1113 |      0 |    845 |      6 |   1 | 1113.0 |
               +--------+--------+--------+--------+--------+-----+--------+

Top non-repeatable levels by time:
       D: 1113 daAuts
